 Dungeon Crawl Stone Soup version 0.21.1-1-g345015f (webtiles) character file.

41272 kae the Severer (level 14, -5/193 HPs)
             Began as a Hill Orc Fighter on May 19, 2018.
             Was an Elder of Beogh.
             Slain by Rupert
             ... wielding a +6 battleaxe of electrocution
              (12 damage)
             ... on level 6 of the Lair of Beasts.
             The game lasted 00:19:06 (17727 turns).

kae the Severer (Hill Orc Fighter)                 Turns: 17727, Time: 00:19:07

Health: -5/193     AC: 27    Str: 24    XL:     14   Next: 14%
Magic:  0/23       EV:  2    Int: 10    God:    Beogh [****..]
Gold:   770        SH:  9    Dex: 12    Spells: 13/13 levels left

rFire    . . .     SeeInvis .   a - +1 war axe
rCold    . . .     Gourm    .   c - +0 shield
rNeg     + + +     Faith    .   (armour currently unavailable)
rPois    +         Spirit   +   (helmet currently unavailable)
rElec    .         Reflect  .   (cloak currently unavailable)
rCorr    .         Harm     .   (gloves currently unavailable)
MR       +....     NoTele   +   (boots currently unavailable)
Stlth    +.........             I - amulet of guardian spirit
HPRegen  0.42/turn              d - +2 ring of dexterity
MPRegen  0.18/turn              J - ring of poison resistance

@: tree-form
A: clever 1, wild magic 2
a: Smiting, Recall Orcish Followers, Renounce Religion


You were on level 6 of the Lair of Beasts.
You worshipped Beogh.
Beogh was greatly pleased with you.
You were not hungry.
You were a tree.
You visited 2 branches of the dungeon, and saw 14 of its levels.
You also visited: Sewer.

You collected 770 gold pieces.

Inventory:

Hand Weapons
 a - a +1 war axe (weapon)
 b - a +2 scimitar of flaming
Armour
 c - a +0 shield (worn)
 n - a +0 scale mail (melded)
 u - a +2 helmet (melded)
 D - a +2 pair of boots (melded)
 F - a +1 cloak (melded)
Jewellery
 d - a +2 ring of dexterity (left branch)
 j - a +1 ring of protection
 B - a +5 amulet of reflection
 I - an amulet of guardian spirit (around neck)
 J - a ring of poison resistance (right branch)
 M - a +2 amulet of reflection
Wands
 t - a wand of enslavement (49)
 y - a wand of polymorph (18)
 C - a wand of random effects (61)
 E - a wand of paralysis (10)
Scrolls
 e - 2 scrolls of enchant armour
 l - 10 scrolls of remove curse
 m - a scroll of fog
 w - a scroll of enchant weapon
 K - 2 scrolls of summoning
 N - a scroll of random uselessness {unknown}
 P - a scroll of teleportation
 Q - 2 scrolls of identify
Potions
 g - 2 potions of lignification
 i - 2 potions of mutation
 k - 4 potions of curing
 o - 2 potions of invisibility
 p - 2 potions of ambrosia
 q - a potion of brilliance
 r - 4 potions of agility
 s - 2 potions of haste
 z - 2 potions of berserk rage {unknown}
 G - a potion of cancellation {unknown}
 L - 2 potions of flight {unknown}
 O - a potion of might
Books
 h - a book of Annihilations

   Spells                             Type                      Level
   a - Poison Arrow                   Conjuration/Poison           6
   b - Chain Lightning                Conjuration/Air              8
   c - Lehudib's Crystal Spear        Conjuration/Earth            8
   d - Glaciate                       Conjuration/Ice              9
   e - Fire Storm                     Conjuration/Fire             9
 v - a book of Conjurations

   Spells                             Type                      Level
   a - Magic Dart                     Conjuration                  1
   b - Searing Ray                    Conjuration                  2
   c - Dazzling Spray                 Conjuration/Hexes            3
   d - Fulminant Prism                Conjuration/Hexes            4
   e - Force Lance                    Conjuration/Translocation    4
   f - Iskenderun's Mystic Blast      Conjuration                  4
 x - a book of Misfortune

   Spells                             Type                      Level
   a - Confusing Touch                Hexes                        1
   b - Confuse                        Hexes                        3
   c - Gell's Gravitas                Translocation                3
   d - Petrify                        Transmutation/Earth          4
   e - Metabolic Englaciation         Hexes/Ice                    5
   f - Yara's Violent Unravelling     Hexes/Transmutation          5
 A - a book of Necromancy

   Spells                             Type                      Level
   a - Pain                           Necromancy                   1
   b - Animate Skeleton               Necromancy                   1
   c - Vampiric Draining              Necromancy                   3
   d - Regeneration                   Charms/Necromancy            3
   e - Animate Dead                   Necromancy                   4
   f - Borgnjor's Vile Clutch         Necromancy/Earth             5
 R - a book of Minor Magic

   Spells                             Type                      Level
   a - Magic Dart                     Conjuration                  1
   b - Blink                          Translocation                2
   c - Call Imp                       Summoning                    2
   d - Slow                           Hexes                        2
   e - Conjure Flame                  Conjuration/Fire             3
   f - Mephitic Cloud                 Conjuration/Poison/Air       3
Comestibles
 f - 21 rations
 S - 6 chunks of flesh


   Skills:
 + Level 13.2 Fighting
 * Level 18.7 Axes
 + Level 12.2 Armour
 - Level 3.5 Shields
 + Level 13.3 Invocations


You had 13 spell levels left.
You didn't know any spells.

Dungeon Overview and Level Annotations

Branches:
Dungeon (8/15)             Temple (0/1) D:4            Lair (6/6) D:8
 Shoals (0/4) Lair:4        Snake (0/4) Lair:4        Slime (0/5) Lair:5

Altars:
Fedhas
Hepliaklqana
Makhleb
Ru
The Shining One

Shops:
D:7 *   D:8 (

Annotations:
Lair:4 exclusion: 3 oklob plants
Lair:6 Rupert


Innate Abilities, Weirdness & Mutations

((You are partially covered in icy blue scales. (AC +2)))
Your mind is acute. (Int +2)
Your spells are harder to cast, but more powerful.


Message History

Unknown command.
Unknown command.
Unknown command.
Unknown command.
Unknown command.
Okay, then.
Unknown command.
As you read the scroll of fear, it crumbles to dust.
You assume a fearsome visage.
Rupert resists with almost no effort.
The crocodile looks frightened!
Rupert hits you with a battleaxe of electrocution!
* * * LOW HITPOINT WARNING * * *
Rupert completely misses Worak.
Worak hits Rupert!
Okay, then.
Unknown command.
You feel better.
Rupert hits you with a battleaxe of electrocution.
* * * LOW HITPOINT WARNING * * *
You are electrocuted!
You die...

#≈≈≈ .............. #≈≈≈
......#...... #≈≈≈
........... ####
#........ #8≈≈ .
#.......###.. #≈≈≈
..##.t.........≈≈≈≈ #≈≈≈
.......@.......≈≈≈≈ #≈≈P
......o♣# .....#≈≈#≈≈≈
#.###.#.# ...≈##≈≈#P≈≈
##..#####..≈≈≈≈≈#P≈≈
##†.......≈≈≈≈≈#≈≈≈
..###.........≈#.≈≈#≈≈≈
..................P≈#8≈≈
...............≈≈≈≈≈####
#.........##...≈P≈≈P#8≈≈
#...........P..≈.#≈≈#≈≈≈


You could see Rupert (berserk), a crocodile (fleeing) and the friendly Worak the
orc knight.

Vanquished Creatures
  Gastronok (D:8)
  A dire elephant (Lair:6)
  2 hydras
  Erica (D:8)
  5 death yaks
  3 two-headed ogres (D:8)
  A sea snake (Lair:6)
  4 merfolk sirens (Lair:4)
  5 black mambas
  10 elephants
  Joseph (D:7)
  2 torpor snails (Lair:5)
  12 spiny frogs
  3 komodo dragons
  3 rime drakes
  A queen bee (Lair:3)
  5 polar bears (Lair:6)
  2 wind drakes (Lair:6)
  2 hippogriffs
  2 hornets (Lair:6)
  2 blink frogs
  Eustachio (D:4)
  The ghost of Adolfin the Charlatan, an amateur TrAr (D:5)
  3 wyverns
  28 yaks
  A basilisk (D:8)
  A hungry ghost (D:7)
  Edmund (D:6)
  4 nagas (Lair:4)
  An acid dragon (D:8)
  11 water moccasins
  Duvessa (D:5)
  11 porcupines
  3 phantoms
  A sky beast (D:8)
  An orc warrior (D:8)
  A black bear (D:6)
  4 wolves (Lair:3)
  The ghost of Raikon the Charmwright, an amateur MfSk (D:3)
  7 crocodiles
  2 big kobolds
  A gnoll sergeant (D:8)
  11 bullfrogs
  Dowan (D:5)
  24 killer bees
  A scorpion (D:7)
  An electric eel (Lair:2)
  2 centaur zombies
  3 crimson imps
  A bullfrog zombie (D:5)
  5 orc priests
  A bullfrog skeleton (D:5)
  A centaur skeleton (D:4)
  4 hounds
  4 jellies
  8 orc wizards
  A gnoll shaman (D:6)
  3 iguanas
  2 worker ants
  A hound skeleton (D:7)
  10 gnolls
  6 adders
  A howler monkey skeleton (D:7)
  A shadow imp (D:6)
  An ooze (D:2)
  2 worms
  3 dart slugs (D:2)
  10 leopard geckos
  16 orcs
  2 ball pythons
  9 bats
  7 giant cockroaches
  A goblin (D:2)
  7 hobgoblins
  4 jackals
  21 kobolds
  6 quokkas
  10 frilled lizards
  A jackal zombie (D:5)
  A leopard gecko skeleton (D:6)
  5 rats
  4 fungi
  A plant (Lair:6)
356 creatures vanquished.

Vanquished Creatures (collateral kills)
  A hydra (Lair:4)
  A merfolk avatar (Lair:6)
  A two-headed ogre (D:8)
  4 elephants (Lair:6)
  A black mamba (Lair:4)
  A spiny frog (Lair:6)
  3 komodo dragons (Lair:6)
  A polar bear (Lair:6)
  6 blink frogs
  4 yaks (Lair:6)
  A water moccasin (Lair:6)
  A wolf (Lair:3)
  4 crocodiles
  3 killer bees (Lair:3)
32 creatures vanquished.

Vanquished Creatures (others)
  2 orc sorcerers
  3 orc priests
  An orc warrior (Lair:3)
  2 orc wizards
  A leopard gecko (D:3)
  3 orcs
  9 fungi
  19 plants
40 creatures vanquished.

Grand Total: 428 creatures vanquished

Notes
Turn   | Place    | Note
-------+----------+-------------------------------------------
     0 | D:1      | kae the Hill Orc Fighter began the quest for the Orb.
     0 | D:1      | Reached XP level 1. HP: 19/19 MP: 1/1
    47 | D:1      | Reached skill level 3 in Axes
    47 | D:1      | Reached XP level 2. HP: 25/27 MP: 2/2
   701 | D:2      | Found a glowing golden altar of the Shining One.
   757 | D:2      | Reached XP level 3. HP: 25/33 MP: 3/3
  1176 | D:1      | Reached skill level 4 in Axes
  1463 | D:1      | Reached XP level 4. HP: 34/40 MP: 4/4
  2037 | D:2      | Reached XP level 5. HP: 39/47 MP: 5/5
  2041 | D:2      | Reached skill level 5 in Axes
  2053 | D:2      | Found a burning altar of Makhleb.
  2265 | D:3      | Became a worshipper of Beogh the Brigand
  2382 | D:3      | Found a glowing drain.
  2475 | Sewer    | Entered a sewer
  2526 | Sewer    | Noticed a crocodile
  2542 | Sewer    | Killed a crocodile
  2965 | D:3      | Noticed Raikon's ghost (amateur MfSk)
  2977 | D:3      | Killed Raikon's ghost
  2977 | D:3      | Reached skill level 5 in Fighting
  2977 | D:3      | Reached skill level 6 in Axes
  2977 | D:3      | Reached XP level 6. HP: 51/56 MP: 6/6
  3050 | D:4      | Found a staircase to the Ecumenical Temple.
  3084 | D:4      | Reached * piety under Beogh
  3112 | D:4      | Noticed Eustachio
  3132 | D:4      | Killed Eustachio
  3132 | D:4      | Reached skill level 5 in Armour
  3132 | D:4      | Reached skill level 1 in Invocations
  3132 | D:4      | Reached XP level 7. HP: 42/61 MP: 6/8
  3187 | D:4      | Reached skill level 7 in Axes
  3818 | D:5      | Entered Level 5 of the Dungeon
  3909 | D:5      | Noticed Duvessa
  3909 | D:5      | Noticed Dowan
  3921 | D:5      | Killed Dowan
  3928 | D:5      | Killed Duvessa
  3928 | D:5      | Reached skill level 8 in Axes
  3928 | D:5      | Reached XP level 8. HP: 38/70 MP: 10/10
  4367 | D:5      | Noticed a hippogriff
  4377 | D:5      | Killed a hippogriff
  4446 | D:5      | Reached skill level 9 in Axes
  4621 | D:5      | Found a sacrificial altar of Ru.
  4623 | D:5      | Found a blossoming altar of Fedhas.
  5144 | D:5      | Noticed Adolfin's ghost (amateur TrAr)
  5477 | D:4      | Gained mutation: Your spells are a little harder to cast, but a little more powerful. [potion of mutation]
  5477 | D:4      | Gained mutation: Your mind is acute. (Int +2) [potion of mutation]
  5477 | D:4      | Gained mutation: You are partially covered in icy blue scales. (AC +2) [potion of mutation]
  5477 | D:4      | Gained mutation: Your spells are harder to cast, but more powerful. [potion of mutation]
  5487 | D:5      | Killed Adolfin's ghost
  5863 | D:6      | You fall through a shaft!
  6006 | D:6      | Reached skill level 5 in Invocations
  6052 | D:6      | Reached XP level 9. HP: 77/79 MP: 12/12
  6285 | D:6      | Reached skill level 10 in Axes
  6408 | D:6      | Noticed Edmund
  6420 | D:6      | Killed Edmund
  6536 | D:6      | Reached ** piety under Beogh
  6794 | D:7      | Found a glowing golden altar of the Shining One.
  6873 | D:7      | Found Xiotor's Assorted Antiques.
  6949 | D:7      | Paralysed by fainting for 11 turns
  7178 | D:7      | Noticed Joseph
  7179 | D:7      | Paralysed by Joseph for 4 turns
  7188 | D:7      | Paralysed by Joseph for 6 turns
  7201 | D:7      | Killed Joseph
  7201 | D:7      | Reached skill level 11 in Axes
  7716 | D:8      | Found a hazy altar of Hepliaklqana.
  7739 | D:8      | Found Letwuj's Weapon Emporium.
  7877 | D:8      | Noticed a two-headed ogre
  7887 | D:8      | Killed a two-headed ogre
  7887 | D:8      | Reached skill level 12 in Axes
  7887 | D:8      | Reached XP level 10. HP: 18/90 MP: 15/15
  8083 | D:8      | Noticed a two-headed ogre
  8098 | D:8      | Killed a two-headed ogre
  8352 | D:8      | Reached *** piety under Beogh
  8382 | D:8      | Noticed Gastronok
  8407 | D:8      | Killed Gastronok
  8407 | D:8      | Reached skill level 13 in Axes
  8706 | D:8      | Reached XP level 11. HP: 86/97 MP: 17/17
  8741 | D:8      | Found a staircase to the Lair.
  8933 | D:8      | Noticed a two-headed ogre
  8936 | D:8      | Killed a two-headed ogre
  8986 | D:8      | Noticed Erica
  9012 | D:8      | Killed Erica
  9012 | D:8      | Reached skill level 10 in Fighting
  9283 | D:8      | Noticed a two-headed ogre
  9294 | D:8      | Killed a two-headed ogre
  9294 | D:8      | Reached skill level 14 in Axes
  9655 | Lair:1   | Entered Level 1 of the Lair of Beasts
 10387 | Lair:1   | Noticed a six-headed hydra
 10398 | Lair:1   | Killed a one-headed hydra
 10398 | Lair:1   | Reached skill level 10 in Invocations
 11154 | Lair:2   | Reached skill level 15 in Axes
 11721 | Lair:3   | Reached skill level 10 in Armour
 11721 | Lair:3   | Reached XP level 12. HP: 106/108 MP: 19/19
 12274 | Lair:3   | Gained Borgun as an ally
 12482 | Lair:3   | Reached **** piety under Beogh
 12750 | Lair:4   | Noticed a five-headed hydra
 12755 | Lair:4   | Your ally Borgun died
 12756 | Lair:4   | Killed a two-headed hydra
 12814 | Lair:4   | Found a staircase to the Shoals.
 12871 | Lair:4   | Reached skill level 16 in Axes
 13093 | Lair:4   | Found a staircase to the Snake Pit.
 13602 | Lair:5   | Noticed a death yak
 13604 | Lair:5   | Noticed a death yak
 13604 | Lair:5   | Noticed a death yak
 13638 | Lair:5   | Found a staircase to the Slime Pits.
 13640 | Lair:5   | Noticed a death yak
 13650 | Lair:5   | Killed a death yak
 13676 | Lair:4   | Killed a death yak
 13861 | Lair:4   | Killed a death yak
 14202 | Lair:5   | Reached XP level 13. HP: 107/117 MP: 18/21
 14678 | Lair:5   | Reached skill level 17 in Axes
 15154 | Lair:5   | Found a runed door.
 15820 | Lair:6   | Entered Level 6 of the Lair of Beasts
 16120 | Lair:5   | Gained Garbold as an ally
 16298 | Lair:6   | Gained Jorge as an ally
 16323 | Lair:6   | Your ally Garbold died
 16369 | Lair:6   | Your ally Jorge died
 16389 | Lair:6   | Reached skill level 18 in Axes
 16423 | Lair:6   | HP: 1/119 [komodo dragon (19)]
 16929 | Lair:6   | Noticed a dire elephant
 16941 | Lair:6   | Killed a dire elephant
 17159 | Lair:6   | Reached XP level 14. HP: 113/129 MP: 23/23
 17177 | Lair:6   | Gained Worak as an ally
 17536 | Lair:6   | Found a blossoming altar of Fedhas.
 17715 | Lair:6   | Noticed Rupert
 17726 | Lair:6   | HP: 6/193 [Rupert/battleaxe of electrocution (15)]
 17727 | Lair:6   | Slain by Rupert

Skill      XL: |  1  2  3  4  5  6  7  8  9 10 11 12 13 |
---------------+----------------------------------------+-----
Axes           | 3 4 6 8 9 12 13 15 16 18 | 18.7
Fighting       | 4 5 6 7 8 9 10 11 13 | 13.2
Armour         | 4 5 6 7 8 10 11 12 | 12.2
Invocations    | 1 3 5 7 8 10 11 13 | 13.3
Shields        | |  3.5

Action                   |  1- 3 |  4- 6 |  7- 9 | 10-12 | 13-15 || total
-------------------------+-------+-------+-------+-------+-------++-------
Melee: War axe           |   110 |   213 |   446 |   553 |   397 ||  1719
       Scimitar          |       |       |       |    22 |     6 ||    28
Invok: Convert to Beogh  |       |     1 |       |       |       ||     1
       Smiting           |       |       |       |     8 |     5 ||    13
  Use: Potion            |     1 |     1 |     6 |     4 |     9 ||    21
       Scroll            |       |     3 |     6 |    10 |     4 ||    23
 Stab: Paralysed         |       |       |       |     4 |       ||     4
       Distracted        |       |       |       |     1 |     6 ||     7
       Confused          |       |       |       |     1 |     1 ||     2
  Eat: Chunk             |     2 |     5 |     3 |    16 |     9 ||    35
       Ration            |       |       |     5 |     1 |     1 ||     7
Armor: Scale mail        |    61 |    97 |   209 |   293 |   174 ||   834
       Skin              |       |     7 |    17 |     8 |    52 ||    84
Dodge: Dodged            |    42 |    76 |   100 |   164 |    95 ||   477
Block: Shield            |    76 |   116 |   190 |   234 |   166 ||   782
